 Dungeon Crawl Stone Soup version 0.31-a0-960-g0fca184906 (webtiles) character file.

Game seed: 3682608334829772510

4 gruber the Ruffian (level 1, -1/19 HPs)
             Began as a Ghoul Monk on Oct 22, 2023.
             Slain by a hobgoblin (3 damage)
             ... on level 1 of the Dungeon.
             The game lasted 00:00:10 (39 turns).

gruber the Ruffian (Ghoul Monk)                       Turns: 39, Time: 00:00:10

Health: -1/19      AC:  2    Str: 14    XL:     1   Next: 70%
Magic:  0/0        EV: 12    Int:  5    God:
Gold:   0          SH:  0    Dex: 11    Spells: 0/0 levels left

rFire   . .          .
                       - Unarmed
rCold   + . .        c - orb {light}
rNeg    + + +        a - +0 robe
rPois   ∞            (no helmet)
rElec   .            (no cloak)
rCorr   .            (no gloves)
SInv    .            (no boots)
Will    .....        (no amulet)
Stlth   +            (no ring)
HPRegen 0.00/turn    (no ring)
MPRegen 0.07/turn

%: no passive effects
@: inhibited regen, glowing
A: claws 1, cold resistance 1, negative energy resistance 3, inhibited
regeneration, torment resistance 2, devour on kill
a: no special abilities


You were on level 1 of the Dungeon.
You visited 1 branch of the dungeon, and saw 1 of its levels.

Inventory:

Armour
 a - a +0 robe (worn)
 c - an orb of light (worn)
Scrolls
 d - a scroll of poison {unknown}
 e - a scroll of torment {unknown}
Potions
 b - a potion of ambrosia


   Skills:
 - Level 3.2 Fighting
 - Level 2.6 Dodging
 + Level 3.7 Unarmed Combat


You couldn't memorise any spells.
You didn't know any spells.
Your spell library was empty.

Dungeon Overview and Level Annotations

Branches:
Dungeon (1/15)

Altars:


Innate Abilities, Weirdness & Mutations

You are immune to poison.
You have sharp fingernails.
Your flesh is cold resistant. (rC+)
You are immune to negative energy. (rN+++)
You do not regenerate when monsters are visible.
You are immune to unholy pain and torment.
You thrive by killing the living.


Message History

The hobgoblin hits you but does no damage.
The jackal misses you.
You scratch the jackal.
The jackal is almost dead.
The jackal bites you but does no damage.
The jackal misses you. The hobgoblin hits you.
A rat comes into view.
Unknown command.
You scratch the jackal.
You kill the jackal!
The jackal bites you. The hobgoblin barely misses you. The hobgoblin hits you.
Unknown command.
You scratch the hobgoblin.
The hobgoblin is lightly wounded.
The jackal bites you. The hobgoblin barely misses you.
The hobgoblin closely misses you.
Unknown command.
You are too injured to fight recklessly!
Unknown command.
You are too injured to fight recklessly!
Unknown command.
You are too injured to fight recklessly!
You completely miss the jackal.
The jackal is severely wounded.
The jackal misses you. x2; The hobgoblin hits you.
The hobgoblin barely misses you.
You scratch the jackal but do no damage.
The jackal is severely wounded.
The jackal bites you but does no damage.
The jackal misses you. The hobgoblin closely misses you.
The hobgoblin hits you.
* * * LOW HITPOINT WARNING * * *
The jackal bites you but does no damage.
The jackal closely misses you.
You claw the jackal!
You kill the jackal!
The jackal bites you.
* * * LOW HITPOINT WARNING * * *
The hobgoblin barely misses you. The hobgoblin hits you.
You die...

#...8.(## #......8#
#.# .#
#......<#.##.#####.#
#......8#.##........
#...8..##.#.........
#......##.#.........
#......##.#.........
#.#8.8###.#gh†...... #
#.#######.#.@gr.....
#.#†...........####...
#....#.##......#
#......##.(....#
#.##.#.##......# #.
#.#.##......# #.
#.#.........# #
#.#....#.##.#
#.#.####.# .#


You could see a jackal, 2 hobgoblins and a rat.

Vanquished Creatures
  2 hobgoblins (D:1)
  2 jackals (D:1)
  A bat (D:1)
5 creatures vanquished.

Notes
Turn   | Place    | Note
-------+----------+-------------------------------------------
     0 | D:1      | gruber the Ghoul Monk began the quest for the Orb.
     0 | D:1      | Reached XP level 1. HP: 19/19 MP: 0/0
    39 | D:1      | Slain by a hobgoblin

Illustrated notes

Levels and vault maps discovered:
D:1:      mrwooster_arrival_statue_2, layout_basic, st_stairs_4

Action                     || total
---------------------------++-------
  Melee: Unarmed           ||    13
 Armour: Robe              ||    15
  Dodge: Dodged            ||    16

Table legend: (Time is in decaauts)
 A = Elapsed time spent in this place.
 B = Non-inter-level travel time spent in this place.
 C = Inter-level travel time spent in this place.
 D = Time resting spent in this place.
 E = Time spent auto-exploring this place.
 F = Levels seen in this place.
 G = Mean time per level.
                   A        B        C        D        E       F      G
               +--------+--------+--------+--------+--------+-----+--------+
         Total |     38 |     38 |      0 |      0 |     14 |   1 |   38.0 |
       Dungeon |     38 |     38 |      0 |      0 |     14 |   1 |   38.0 |
               +--------+--------+--------+--------+--------+-----+--------+

Top non-repeatable levels by time:
     D:1: 38 daAuts
